[Event "Titled Tuesday Blitz November 08 Late 2022"]
[White "Aguilar, Juan"]
[Black "Martic, Ivan"]
[WhiteFideId "3800091"]
[BlackFideId "929301"]
[WhiteElo "2421"]
[BlackElo "2355"]
[Result "0-1"]
[Round "09"]
[TimeControl "180+1"]
[Date "2022.11.09"]
[WhiteClock "0:00:05"]
[BlackClock "0:01:03"]

1. d4 d5 2. c4 e6 3. Nf3 c6 4. Qc2 Nf6 5. Nbd2 Nbd7 6. g3 Bd6 7. Bg2 O-O 8. O-O Qe7 9. e4 dxe4 10. Nxe4 Nxe4 11. Qxe4 f5 12. Qc2 c5 13. Re1 Nf6 14. dxc5 Bxc5 15. Be3 Ne4 16. Rad1 e5 17. Bxc5 Qxc5 18. Rd5 Qc7 19. Rxe5 b6 20. R5xe4 fxe4 21. Ng5 Bf5 22. Bxe4 Qd7 23. Nxh7 Kxh7 24. Rd1 Qf7 25. Rd5 Bxe4 26. Qxe4+ Kg8 27. Qd4 Rae8 28. Rd7 Re7 29. Rd5 Re1+ 30. Kg2 Qf3+ 31. Kh3 Re4 32. Qc3 Qxc3 0-1


[Site "https://www.chess.com"]

[Event "Titled Tuesday Blitz November 08 Late 2022"]
[White "Al-Tarboush, Ward"]
[Black "Ibadov, Dashgyn"]
[WhiteFideId "7601450"]
[BlackFideId "24107514"]
[WhiteElo "2273"]
[BlackElo "2208"]
[Result "1-0"]
[Round "09"]
[TimeControl "180+1"]
[Date "2022.11.09"]
[WhiteClock "0:00:15"]
[BlackClock "0:00:26"]

1. e4 e5 2. Nf3 Nc6 3. Bb5 a6 4. Ba4 Nf6 5. O-O Be7 6. Re1 b5 7. Bb3 d6 8. c3 O-O 9. h3 Nb8 10. d4 Nbd7 11. Nbd2 Bb7 12. Bc2 Re8 13. Nf1 Bf8 14. Ng3 g6 15. a4 Bg7 16. Bd3 Qb8 17. Bg5 c6 18. Qd2 Qc7 19. h4 c5 20. axb5 c4 21. bxa6 Bxa6 22. Bc2 Bb7 23. Rxa8 Bxa8 24. h5 exd4 25. cxd4 Qb6 26. Ba4 Rb8 27. e5 Nd5 28. Bxd7 Qxb2 29. Qxb2 Rxb2 30. e6 f6 31. e7 Nxe7 32. Rxe7 fxg5 33. Be6+ Kf8 34. Rf7+ Ke8 35. Rxg7 Bxf3 36. gxf3 c3 37. Kg2 c2 38. Ne2 gxh5 39. Rxh7 h4 40. Bf5 d5 41. Rc7 h3+ 42. Kxh3 c1=Q 43. Nxc1 Rxf2 44. Kg4 Rd2 45. Nd3 1-0


[Site "https://www.chess.com"]

[Event "Titled Tuesday Blitz November 08 Late 2022"]
[White "Ali Abdullahi, Farah"]
[Black "Hoffmann, Asa"]
[WhiteFideId "16100212"]
[BlackFideId "2001470"]
[WhiteElo "2270"]
[BlackElo "2117"]
[Result "1-0"]
[Round "09"]
[TimeControl "180+1"]
[Date "2022.11.09"]
[WhiteClock "0:00:03"]
[BlackClock "0:00:03"]

1. b3 d6 2. Bb2 e5 3. e3 Nf6 4. d4 Nbd7 5. c4 c6 6. dxe5 dxe5 7. Nf3 Bb4+ 8. Nbd2 Qa5 9. Be2 e4 10. Nd4 O-O 11. a3 Be7 12. Nf5 Qxf5 13. O-O Ne5 14. Qc2 Be6 15. Qc3 Ng6 16. f3 Qh5 17. Nxe4 Qh6 18. Ng3 Bc5 19. Bc1 a5 20. f4 Bg4 21. Bd3 Rae8 22. Bb1 Qh4 23. b4 axb4 24. axb4 Be7 25. e4 Nh5 26. f5 Bf6 27. Qa3 Ne5 28. Bb2 Nxg3 29. hxg3 Qg5 30. c5 Nc4 31. Bxf6 Qxf6 32. Qa2 Qd4+ 33. Kh2 h5 34. Bc2 Rd8 35. Bb3 Ne5 36. Rac1 Qe3 37. Rc2 Qg5 38. Kg1 Bd1 39. Rcf2 1-0


[Site "https://www.chess.com"]

[Event "Titled Tuesday Blitz November 08 Late 2022"]
[White "Andreikin, Dmitry"]
[Black "Kosakowski, Jakub"]
[WhiteFideId "4158814"]
[BlackFideId "1185080"]
[WhiteElo "2736"]
[BlackElo "2463"]
[Result "1-0"]
[Round "09"]
[TimeControl "180+1"]
[Date "2022.11.08"]
[WhiteClock "0:01:58"]
[BlackClock "0:00:22"]

1. e4 c6 2. Nf3 d5 3. d3 g6 4. Qe2 Bg7 5. g3 Bg4 6. Bg2 Nd7 7. Nbd2 e6 8. O-O Ne7 9. h3 Bxf3 10. Nxf3 O-O 11. h4 c5 12. h5 Nc6 13. c3 Re8 14. a4 Rc8 15. Bg5 Bf6 16. Bf4 a6 17. Rae1 b5 18. axb5 axb5 19. Nh2 d4 20. Ng4 dxc3 21. e5 Be7 22. bxc3 b4 23. Bd2 Nb6 24. Bxc6 Rxc6 25. Qf3 Qd5 26. Nh6+ Kh8 27. Qxf7 Rcc8 28. hxg6 hxg6 29. Qxg6 Rf8 30. Nf7+ Rxf7 31. Qxf7 1-0


[Site "https://www.chess.com"]

[Event "Titled Tuesday Blitz November 08 Late 2022"]
[White "Aqib Javaid Butt"]
[Black "Romero Ruscalleda, Josep"]
[WhiteFideId "7801262"]
[BlackFideId "2231859"]
[WhiteElo "1659"]
[BlackElo "2183"]
[Result "0-1"]
[Round "09"]
[TimeControl "180+1"]
[Date "2022.11.09"]
[WhiteClock "0:00:03"]
[BlackClock "0:00:11"]

1. d4 g6 2. Nf3 Bg7 3. Bf4 d6 4. c3 Nf6 5. Qd2 Nc6 6. Bh6 Bxh6 7. Qxh6 Bf5 8. Qc1 e5 9. Nbd2 e4 10. Ng1 d5 11. e3 h5 12. c4 Qe7 13. Qc3 O-O 14. Ne2 dxc4 15. Qxc4 Be6 16. Qa4 Nb4 17. Nc3 c5 18. a3 cxd4 19. exd4 Nd3+ 20. Bxd3 exd3 21. O-O Rfd8 22. Rfe1 Qd7 23. Qxd7 Rxd7 24. Re3 Rxd4 25. Nf3 Rd6 26. Rd1 Rad8 27. Rd2 Ng4 28. Re1 Bb3 29. h3 Nf6 30. Ne4 Nxe4 31. Rxe4 Bc2 32. Re3 Kf8 33. Ne1 Bb1 34. f4 Re8 35. Kf2 b5 36. Rxe8+ Kxe8 37. Ke3 Ke7 38. Nxd3 Bxd3 39. Rxd3 Ke6 40. Rxd6+ Kxd6 41. Kd4 a6 42. g4 hxg4 43. hxg4 f6 44. b4 Kc6 45. g5 fxg5 46. fxg5 Kd6 47. Ke4 Ke6 48. Kf4 Kd5 49. Kf3 Ke5 50. Kg4 Ke4 51. Kg3 Kf5 52. Kh4 Kf4 53. Kh3 Kxg5 0-1


[Site "https://www.chess.com"]

[Event "Titled Tuesday Blitz November 08 Late 2022"]
[White "Arbunic Castro, Giovanna"]
[Black "Simonovic, Miroslav"]
[WhiteFideId "3400549"]
[BlackFideId "919152"]
[WhiteElo "1886"]
[BlackElo "2043"]
[Result "0-1"]
[Round "09"]
[TimeControl "180+1"]
[Date "2022.11.09"]
[WhiteClock "0:00:05"]
[BlackClock "0:00:14"]

1. e4 c5 2. g3 Nc6 3. Bg2 g6 4. Ne2 Bg7 5. c3 e5 6. O-O Nge7 7. d3 O-O 8. Be3 b6 9. d4 d6 10. f4 f6 11. d5 Nb8 12. Qd2 Ba6 13. b3 Nd7 14. c4 exf4 15. gxf4 f5 16. Nbc3 fxe4 17. Bxe4 Nf5 18. Bf2 Bc8 19. Rae1 Nf6 20. Bf3 Bd7 21. Ne4 Nxe4 22. Bxe4 Qf6 23. Bxf5 Bxf5 24. Ng3 Rae8 25. Rxe8 Rxe8 26. Re1 Rxe1+ 27. Qxe1 Kf7 28. Ne4 Bxe4 29. Qxe4 Qe7 30. Qxe7+ Kxe7 31. Kg2 Kf6 32. Kf3 Kf5 33. Bh4 Bf8 34. Bd8 h6 35. a4 g5 36. fxg5 hxg5 37. Bc7 Be7 38. Bb8 g4+ 39. Kg3 a6 40. Bc7 b5 41. cxb5 axb5 42. a5 c4 43. bxc4 bxc4 44. a6 c3 45. Ba5 c2 46. Bd2 Bg5 47. a7 Bxd2 48. a8=Q Bf4+ 49. Kf2 c1=Q 50. Qf8+ Ke4 0-1


[Site "https://www.chess.com"]

[Event "Titled Tuesday Blitz November 08 Late 2022"]
[White "Arencibia Monduy, Antonio"]
[Black "Paiva, Henrique M A Albergaria"]
[WhiteFideId "3507939"]
[BlackFideId "1920995"]
[WhiteElo "2439"]
[BlackElo "1953"]
[Result "0-1"]
[Round "09"]
[TimeControl "180+1"]
[Date "2022.11.09"]
[WhiteClock "0:00:02"]
[BlackClock "0:00:15"]

1. d4 Nf6 2. Bf4 c5 3. e3 d5 4. c3 Nc6 5. h3 Bf5 6. Nf3 e6 7. Be2 Be7 8. O-O O-O 9. Nbd2 h6 10. Ne5 cxd4 11. exd4 Ne4 12. Ndf3 f6 13. Nxc6 bxc6 14. Nd2 c5 15. Nxe4 Bxe4 16. Re1 Bd6 17. Bxd6 Qxd6 18. dxc5 Qxc5 19. Bd3 f5 20. Re2 a5 21. Kh1 e5 22. Qd2 Rab8 23. Rd1 Rfd8 24. Bxe4 dxe4 25. Qc2 Kh7 26. Red2 Rxd2 27. Rxd2 Rb6 28. Qd1 e3 29. fxe3 Qxe3 30. Re2 Qf4 31. Qe1 e4 32. c4 Qe5 33. b3 Re6 34. Rd2 f4 35. Rd5 Qf6 36. c5 f3 37. Qf2 e3 38. Qe1 f2 39. Qb1+ Qg6 40. Rf5 e2 41. Kh2 f1=Q 42. Rxf1 exf1=Q 43. Qxf1 Qe4 44. a3 Qe5+ 45. Kh1 Qxc5 46. Qd3+ g6 47. Qd7+ Re7 48. Qd1 Qxa3 49. Qe1 Qb4 50. Qf1 Re1 0-1


[Site "https://www.chess.com"]

[Event "Titled Tuesday Blitz November 08 Late 2022"]
[White "Barria Zuniga, Daniel"]
[Black "Hryzlova, Sofiia"]
[WhiteFideId "3400816"]
[BlackFideId "14174669"]
[WhiteElo "2620"]
[BlackElo "2476"]
[Result "1-0"]
[Round "09"]
[TimeControl "180+1"]
[Date "2022.11.09"]
[WhiteClock "0:00:36"]
[BlackClock "0:00:18"]

1. c4 Nf6 2. Nc3 e6 3. Nf3 d5 4. d4 Be7 5. Bg5 O-O 6. Qc2 c6 7. e3 Nbd7 8. O-O-O b6 9. Kb1 Bb7 10. Ne5 Nxe5 11. dxe5 Nd7 12. Bxe7 Qxe7 13. f4 Rfd8 14. cxd5 cxd5 15. Bd3 Nf8 16. Nb5 Rac8 17. Qd2 Ba6 18. Nd4 Bxd3+ 19. Qxd3 Nd7 20. Rc1 Nc5 21. Qa3 Qd7 22. Rc2 Rc7 23. Rhc1 Rdc8 24. b4 Ne4 25. Qxa7 Nd2+ 26. Ka1 Nc4 27. Qa6 Ra7 28. Qb5 Qc7 29. e4 Qb7 30. exd5 exd5 31. Nf5 Rca8 32. Nd6 Qc7 33. Nxc4 dxc4 34. Qxc4 Qxc4 35. Rxc4 Rxa2+ 36. Kb1 Ra1+ 37. Kc2 R8a2+ 38. Kd3 Rxc1 39. Rxc1 g6 40. Rc2 Ra3+ 41. Kc4 Re3 42. Kb5 Re4 43. g3 h5 44. Rb2 h4 45. Kxb6 hxg3 46. hxg3 g5 47. b5 gxf4 48. gxf4 Rxf4 49. Kc7 Re4 50. b6 Rxe5 51. b7 Re7+ 52. Kd6 Rxb7 1-0


[Site "https://www.chess.com"]

[Event "Titled Tuesday Blitz November 08 Late 2022"]
[White "Baskakov, Egor"]
[Black "Sarana, Alexey"]
[WhiteFideId "24197866"]
[BlackFideId "24133795"]
[WhiteElo "2211"]
[BlackElo "2708"]
[Result "1-0"]
[Round "09"]
[TimeControl "180+1"]
[Date "2022.11.08"]
[WhiteClock "0:00:07"]
[BlackClock "0:00:02"]

1. e4 c5 2. Nf3 d6 3. d4 cxd4 4. Nxd4 Nf6 5. Nc3 a6 6. a4 e5 7. Nde2 Be7 8. g3 h5 9. h3 Nc6 10. Bg2 Nb4 11. O-O Be6 12. f4 h4 13. g4 exf4 14. Nxf4 Nd7 15. a5 Ne5 16. Ra4 Nbc6 17. Ncd5 Bxd5 18. exd5 Nxa5 19. b3 b5 20. Re4 O-O 21. Nd3 Nxd3 22. Qxd3 Bg5 23. Bb2 Nb7 24. b4 Rc8 25. Rf5 f6 26. Re6 Rf7 27. Be4 a5 28. Rxg5 fxg5 29. Bg6 Rcc7 30. Qxb5 Rf8 31. Qe2 axb4 32. Bf5 Nc5 33. Rg6 Qe8 34. Qd2 Ne4 35. Qd4 Nf6 36. Be6+ Rff7 37. Rxg5 Kf8 38. Rf5 Rxc2 39. g5 b3 40. gxf6 g6 41. Rf3 Qb5 42. Qxh4 Ke8 43. Qh8+ Rf8 44. f7+ Ke7 45. Qf6# 1-0


[Site "https://www.chess.com"]

[Event "Titled Tuesday Blitz November 08 Late 2022"]
[White "Besedes, Danilo"]
[Black "Makaraci, Tunahan"]
[WhiteFideId "946796"]
[BlackFideId "6356559"]
[WhiteElo "2352"]
[BlackElo "2161"]
[Result "0-1"]
[Round "09"]
[TimeControl "180+1"]
[Date "2022.11.09"]
[WhiteClock "0:00:01"]
[BlackClock "0:00:14"]

1. e4 Nf6 2. Nc3 e5 3. Nf3 Nc6 4. Bb5 Bd6 5. d3 O-O 6. Bg5 h6 7. Bh4 a6 8. Ba4 b5 9. Bb3 Be7 10. a4 b4 11. Bxf6 Bxf6 12. Nd5 a5 13. h4 d6 14. Nd2 Nd4 15. Bc4 c6 16. Ne3 Bxh4 17. c3 bxc3 18. bxc3 Ne6 19. Qh5 Bg5 20. Nf3 Bxe3 21. fxe3 d5 22. exd5 cxd5 23. Bb5 e4 24. dxe4 dxe4 25. Nd4 Nxd4 26. cxd4 Qc7 27. O-O Ba6 28. Bxa6 Rxa6 29. Qf5 Qe7 30. Rab1 Qa3 31. Qxe4 Re6 32. Qd5 Qxe3+ 33. Kh1 Re4 34. Qh5 Qxd4 35. g3 Re5 36. Qd1 Qe4+ 37. Kg1 Rg5 38. Rf3 Rd5 39. Qb3 Rfd8 40. Rbf1 f6 41. Rf4 Qe6 42. Qb7 Qf7 43. Qb6 Rd3 44. Qxa5 Rxg3+ 45. Kh2 Rgd3 46. Rh4 R8d5 0-1


[Site "https://www.chess.com"]

[Event "Titled Tuesday Blitz November 08 Late 2022"]
[White "Bibilashvili, Lali"]
[Black "Burke, Paul"]
[WhiteFideId "13604236"]
[BlackFideId "2605767"]
[WhiteElo "1819"]
[BlackElo "1805"]
[Result "1/2-1/2"]
[Round "09"]
[TimeControl "180+1"]
[Date "2022.11.09"]
[WhiteClock "0:00:17"]
[BlackClock "0:00:11"]

1. c4 a6 2. Nf3 d6 3. e3 g6 4. d3 Nd7 5. Be2 h6 6. O-O Bg7 7. Nc3 e6 8. Rb1 Ne7 9. b4 b6 10. Qc2 Bb7 11. d4 O-O 12. a4 f5 13. Ba3 e5 14. Rfd1 e4 15. Ne1 g5 16. c5 Nf6 17. Bc4+ Kh7 18. d5 Rb8 19. c6 Bc8 20. Ne2 Ng6 21. f3 Qe7 22. Bc1 Ne5 23. Nd4 Nxc4 24. Qxc4 exf3 25. gxf3 g4 26. f4 Ne4 27. Ng2 Rg8 28. Bb2 Bf6 29. Ne2 g3 30. h3 Nf2 31. Bxf6 Qxf6 32. h4 Ne4 33. Nd4 Rg4 34. Nf3 Nf2 35. Rf1 Nh3+ 36. Kh1 Nf2+ 37. Kg1 Nh3+ 38. Kh1 Nf2+ 39. Kg1 1/2-1/2


[Site "https://www.chess.com"]

[Event "Titled Tuesday Blitz November 08 Late 2022"]
[White "Bilan, Danila"]
[Black "Sibilio, Mario"]
[WhiteFideId "24161918"]
[BlackFideId "800422"]
[WhiteElo "2173"]
[BlackElo "2251"]
[Result "1-0"]
[Round "09"]
[TimeControl "180+1"]
[Date "2022.11.09"]
[WhiteClock "0:00:02"]
[BlackClock "0:00:01"]

1. d4 d6 2. Nf3 g6 3. Bg5 Bg7 4. c3 Nf6 5. Nbd2 O-O 6. e4 h6 7. Bh4 g5 8. Bg3 Nh5 9. Bc4 e6 10. O-O Nd7 11. Ne1 Nxg3 12. hxg3 c5 13. d5 Nb6 14. Bb3 exd5 15. exd5 f5 16. Nc2 Bd7 17. Ne3 f4 18. gxf4 Rxf4 19. Nec4 Nxc4 20. Bxc4 b5 21. Bd3 c4 22. Bc2 b4 23. g3 Rg4 24. Ne4 bxc3 25. bxc3 Be5 26. f3 Rxe4 27. Bxe4 Bxg3 28. Qc2 Bh3 29. Rfb1 Qf6 30. Rb7 Be5 31. Bh7+ Kh8 32. Qe4 Bxc3 33. Rab1 Bd4+ 34. Kh2 g4 35. Rb8+ Rxb8 36. Rxb8+ Kg7 37. Rb7+ 1-0


[Site "https://www.chess.com"]

[Event "Titled Tuesday Blitz November 08 Late 2022"]
[White "Bluebaum, Matthias"]
[Black "Lazavik, Denis"]
[WhiteFideId "24651516"]
[BlackFideId "13515110"]
[WhiteElo "2633"]
[BlackElo "2483"]
[Result "1-0"]
[Round "09"]
[TimeControl "180+1"]
[Date "2022.11.08"]
[WhiteClock "0:00:35"]
[BlackClock "0:00:03"]

1. d4 Nf6 2. c4 e6 3. Nc3 Bb4 4. e3 O-O 5. Bd2 c5 6. a3 Bxc3 7. Bxc3 Ne4 8. Ne2 b6 9. d5 Ba6 10. Qd3 exd5 11. Qxd5 Qe7 12. b3 Nc6 13. Bb2 Rfe8 14. Ng3 Nf6 15. Qg5 h6 16. Qf4 Ne5 17. Nf5 Qe6 18. Rd1 Ng6 19. Nxh6+ Kh7 20. Bd3 Bb7 21. Bxf6 Qxf6 22. Qxf6 gxf6 23. Nxf7 Bc6 24. Nd6 Re6 25. Bf5 Re7 26. h4 Kg7 27. Bc2 Re6 28. h5 Ne5 29. h6+ Kh8 30. f3 Re7 31. Kf2 Rf8 32. e4 Ng6 33. Nf5 Rh7 34. Rd6 Ne5 35. Ne3 Rhf7 36. f4 Ng6 37. g3 Ne7 38. Rdd1 f5 39. Nd5 Ng6 40. exf5 Ne7 41. g4 Nc8 42. Rhe1 Nd6 43. Nc3 Ne8 44. g5 1-0


[Site "https://www.chess.com"]

[Event "Titled Tuesday Blitz November 08 Late 2022"]
[White "Bortnyk, Olexandr"]
[Black "Melkumyan, Hrant"]
[WhiteFideId "14120828"]
[BlackFideId "13302485"]
[WhiteElo "2723"]
[BlackElo "2604"]
[Result "1-0"]
[Round "09"]
[TimeControl "180+1"]
[Date "2022.11.08"]
[WhiteClock "0:00:16"]
[BlackClock "0:00:02"]

1. e4 c6 2. d4 d5 3. Nc3 dxe4 4. Nxe4 Nf6 5. Nxf6+ exf6 6. c3 Bd6 7. Bd3 O-O 8. Qc2 Re8+ 9. Ne2 h5 10. O-O Nd7 11. Nf4 h4 12. Qd1 Nf8 13. Qh5 Qc7 14. g3 g6 15. Qh6 f5 16. Qxh4 Be6 17. Bd2 b5 18. Rfe1 Bc4 19. Bxf5 Rxe1+ 20. Rxe1 gxf5 21. Qg5+ Kh8 22. Qf6+ Kg8 23. Nh5 Ne6 24. Qh6 f6 25. Qg6+ Kh8 26. Qxf6+ Kh7 27. Qxf5+ Kg8 28. Rxe6 Bxe6 29. Qxe6+ Kh7 30. Nf6+ Kh8 31. Ne8 Bf8 32. Nxc7 1-0


[Site "https://www.chess.com"]

[Event "Titled Tuesday Blitz November 08 Late 2022"]
[White "Brodowski, Piotr"]
[Black "Korkmaz, Necmettin"]
[WhiteFideId "1124480"]
[BlackFideId "6303285"]
[WhiteElo "2641"]
[BlackElo "2477"]
[Result "1-0"]
[Round "09"]
[TimeControl "180+1"]
[Date "2022.11.09"]
[WhiteClock "0:02:09"]
[BlackClock "0:01:03"]

1. c4 e5 2. Nc3 Nf6 3. Nf3 Nc6 4. e4 Bc5 5. Nxe5 Nxe5 6. d4 Bb4 7. dxe5 Nxe4 8. Qd4 Nxc3 9. bxc3 Be7 10. Qg4 g6 11. Qg3 O-O 12. h4 d6 13. h5 dxe5 14. Bh6 Re8 15. Rd1 Bd6 16. c5 e4 17. Qe3 Be6 18. cxd6 cxd6 19. hxg6 fxg6 20. Qd4 Qe7 21. Qxd6 Qf7 22. Bb5 Rec8 23. O-O Rxc3 24. Qd8+ 1-0


[Site "https://www.chess.com"]

[Event "Titled Tuesday Blitz November 08 Late 2022"]
[White "Brown, Andrew"]
[Black "Estrada Nieto, Julian"]
[WhiteFideId "3206513"]
[BlackFideId "5101018"]
[WhiteElo "2245"]
[BlackElo "2221"]
[Result "1-0"]
[Round "09"]
[TimeControl "180+1"]
[Date "2022.11.09"]
[WhiteClock "0:00:05"]
[BlackClock "0:00:01"]

1. d4 d5 2. c4 dxc4 3. e4 e5 4. Nf3 exd4 5. Bxc4 Nc6 6. O-O Be6 7. Nbd2 Bc5 8. a3 Nf6 9. b4 Bb6 10. Qb3 Bxc4 11. Nxc4 O-O 12. Bg5 h6 13. Bh4 Qd7 14. Bxf6 gxf6 15. Nh4 Ne7 16. Rad1 Qg4 17. Nxb6 axb6 18. Nf5 Nxf5 19. exf5 Rfd8 20. Rd3 Qxf5 21. Rg3+ Kf8 22. Rf3 Qd5 23. Qd3 Re8 24. Qh7 Ke7 25. Qxh6 Qg5 26. Qh3 Rh8 27. Re1+ Kd6 28. Qg3+ Qxg3 29. Rxf6+ Kd5 30. fxg3 Rxa3 31. Rxf7 c5 32. bxc5 bxc5 33. Rxb7 Rd8 34. h4 d3 35. h5 d2 36. Rd1 Ra2 37. h6 c4 38. Rc7 Kd4 39. h7 c3 40. Rd7+ Rxd7 41. h8=Q+ Kd3 42. Qc8 Rd4 43. Qf5+ Kc4 44. Qe6+ Rd5 45. Qc6+ Kd4 46. Qb6+ Kd3 47. Qg6+ Kc4 48. Qe4+ Rd4 49. Qc6+ Kd3 50. Qg6+ 1-0


[Site "https://www.chess.com"]

[Event "Titled Tuesday Blitz November 08 Late 2022"]
[White "Clawitter, Craig"]
[Black "Silvestre, Christian"]
[WhiteFideId "2023105"]
[BlackFideId "30956269"]
[WhiteElo "2157"]
[BlackElo "2303"]
[Result "0-1"]
[Round "09"]
[TimeControl "180+1"]
[Date "2022.11.09"]
[WhiteClock "0:00:01"]
[BlackClock "0:00:16"]

1. e4 c6 2. Nf3 d5 3. e5 Bg4 4. d4 a6 5. c3 e6 6. Be3 c5 7. dxc5 Nc6 8. Nbd2 Nxe5 9. Qa4+ Qd7 10. Qf4 Nxf3+ 11. Nxf3 Bxf3 12. Qxf3 Nf6 13. Bd4 Be7 14. Bd3 O-O 15. O-O Qc7 16. Rae1 Kh8 17. Qh3 h6 18. b4 a5 19. Be5 Qd8 20. Bf4 Ng8 21. Re3 axb4 22. cxb4 Rxa2 23. Rg3 Bf6 24. Qh5 Ra3 25. Bb1 Rxg3 26. fxg3 b6 27. Bd6 bxc5 28. Bxf8 Qxf8 29. bxc5 Qxc5+ 30. Kh1 g6 31. Qf3 Kg7 32. Qb3 Qe7 33. Rc1 h5 34. h3 h4 35. g4 Be5 36. Qe3 Qf6 37. Bd3 Bf4 38. Qe1 Bxc1 39. Qxc1 Qe5 40. g5 Ne7 41. Qd2 Nf5 42. Bxf5 Qxf5 43. Qe3 f6 44. gxf6+ Qxf6 45. Qa7+ Qf7 46. Qd4+ Qf6 47. Qa7+ Kh6 48. Qe3+ g5 0-1


[Site "https://www.chess.com"]

[Event "Titled Tuesday Blitz November 08 Late 2022"]
[White "Da Matta, Eduardo Cesar"]
[Black "Capp, Stephen"]
[WhiteFideId "2193108"]
[BlackFideId "2027089"]
[WhiteElo "1981"]
[BlackElo "2170"]
[Result "0-1"]
[Round "09"]
[TimeControl "180+1"]
[Date "2022.11.09"]
[WhiteClock "0:00:16"]
[BlackClock "0:00:16"]

1. d4 Nf6 2. c4 e6 3. Nc3 Bb4 4. e3 c5 5. Bd3 Nc6 6. Ne2 d5 7. cxd5 Nxd5 8. O-O cxd4 9. exd4 O-O 10. a3 Be7 11. Bc2 Bf6 12. Qd3 g6 13. Ne4 Bg7 14. Bg5 Qc7 15. Rac1 Qb6 16. Rfd1 Bd7 17. Nc5 Qc7 18. Bb3 Qd6 19. Nxb7 Qb8 20. Nc5 Qd6 21. Nxd7 Qxd7 22. Ba4 Rac8 23. Qa6 Nb6 24. Be3 Nxa4 25. Qxa4 Qd5 26. Nc3 Qh5 27. d5 Ne5 28. dxe6 fxe6 29. Qa5 Nf3+ 30. gxf3 Qxa5 31. Ne4 Rxc1 32. Rxc1 Qf5 33. Rc7 Qxf3 34. Ng5 Qd1+ 35. Kg2 Qg4+ 36. Kf1 Bd4 37. Rc4 Qd1+ 38. Kg2 Bxe3 39. Nxe6 Qd5+ 0-1


[Site "https://www.chess.com"]

[Event "Titled Tuesday Blitz November 08 Late 2022"]
[White "Dahlgren, James Allen"]
[Black "Kaplan, Avi Harrison"]
[WhiteFideId "22256873"]
[BlackFideId "30934559"]
[WhiteElo "2183"]
[BlackElo "1983"]
[Result "0-1"]
[Round "09"]
[TimeControl "180+1"]
[Date "2022.11.09"]
[WhiteClock "0:00:02"]
[BlackClock "0:00:27"]

1. e4 c5 2. Nc3 d6 3. f4 Nc6 4. Nf3 Nf6 5. Bb5 Bd7 6. O-O e6 7. d4 cxd4 8. Nxd4 Be7 9. h3 O-O 10. Be3 Qc7 11. Nxc6 Bxc6 12. Bxc6 Qxc6 13. Qd3 Rac8 14. Rad1 a6 15. Bd4 b5 16. a3 Rfd8 17. f5 e5 18. Be3 a5 19. Rf2 b4 20. axb4 axb4 21. Nd5 Nxd5 22. Qxd5 Qxd5 23. Rxd5 Rc4 24. Rfd2 Rxe4 25. Bb6 Rc8 26. g4 h5 27. gxh5 Rh4 28. Ba5 Rxh3 29. Bxb4 Rxh5 30. Bxd6 Bxd6 31. Rxd6 Rxf5 32. b4 Rf4 33. b5 Rb4 34. Rd8+ Rxd8 35. Rxd8+ Kh7 36. Rd5 Rc4 37. b6 Rxc2 38. Rb5 Rc8 39. Rxe5 Rb8 40. Rb5 Rb7 41. Kg2 Kg6 42. Kg3 f6 43. Kf4 Kf7 44. Kf5 g6+ 45. Kf4 Ke6 46. Ke4 g5 47. Rb1 f5+ 48. Kd4 Kd6 49. Rf1 Ke6 50. Re1+ Kf6 51. Rb1 g4 52. Ke3 Kg5 53. Rb2 f4+ 54. Ke4 f3 55. Rb5+ Kh4 56. Kf4 f2 57. Rb1 f1=Q+ 58. Rxf1 Rf7+ 59. Ke3 Rxf1 60. b7 Rb1 0-1


[Site "https://www.chess.com"]

[Event "Titled Tuesday Blitz November 08 Late 2022"]
[White "Deac, Bogdan-Daniel"]
[Black "Boruchovsky, Avital"]
[WhiteFideId "1226380"]
[BlackFideId "2800055"]
[WhiteElo "2648"]
[BlackElo "2458"]
[Result "0-1"]
[Round "09"]
[TimeControl "180+1"]
[Date "2022.11.08"]
[WhiteClock "0:00:01"]
[BlackClock "0:00:04"]

1. d4 Nf6 2. c4 e6 3. Nc3 d5 4. Nf3 c5 5. cxd5 Nxd5 6. e3 cxd4 7. exd4 Nc6 8. Bd3 Be7 9. O-O O-O 10. Re1 Nf6 11. a3 b6 12. Bc2 Bb7 13. Qd3 Rc8 14. Bg5 g6 15. Bh6 Re8 16. Rad1 Nd5 17. Bc1 Nxc3 18. bxc3 Na5 19. Ba4 Bc6 20. Bxc6 Rxc6 21. Ne5 Rc7 22. Qf3 Bf6 23. d5 Bxe5 24. Rxe5 Rd7 25. Bg5 Qc8 26. Bf6 Rxd5 27. Rexd5 exd5 28. h4 Nc4 29. Rxd5 Qe6 30. g3 Nd6 31. Kg2 Nf5 32. Bg5 f6 33. Bf4 Rc8 34. c4 Rxc4 35. Rd8+ Kf7 36. Qb7+ Ne7 37. Rd7 Qe4+ 38. Qxe4 Rxe4 39. Rxa7 Ke6 40. Be3 Nd5 41. Kf3 Rc4 42. Bh6 Rc3+ 43. Ke2 Rc2+ 44. Kf3 Ra2 45. Rxh7 Rxa3+ 46. Kg2 b5 47. Rb7 b4 48. Bf8 Ra2 49. Rb8 Rb2 50. Kf3 b3 51. g4 Rb1 52. h5 gxh5 53. gxh5 Kf5 54. h6 Kg6 55. Rb7 b2 56. Rg7+ Kf5 57. Rb7 Kg6 58. Rg7+ Kf5 59. h7 Rh1 60. Rb7 Rxh7 61. Rxb2 Rh3+ 62. Ke2 Rc3 63. Rb5 Ke6 64. Ra5 Rc2+ 65. Ke1 Rc6 66. Bh6 f5 67. Bd2 Nf6 68. Ke2 Ne4 69. Be3 Rc2+ 70. Kf3 Rc6 71. Kf4 Nd6 72. Re5+ Kf6 73. Rd5 Rc4+ 74. Kf3 Nf7 75. Ra5 Ne5+ 76. Ke2 f4 77. Bd2 Kf5 78. f3 Kf6 79. Ra6+ Kf5 80. Ra5 Kf6 81. Rd5 Ke6 82. Rd8 Ra4 83. Re8+ Kd5 84. Rd8+ Ke6 85. Rf8 Ng6 86. Re8+ Kf5 87. Rb8 Ke5 88. Rb5+ Ke6 89. Rb6+ Kf5 90. Bc3 Rc4 91. Rb5+ Ke6 92. Kd3 Rc6 93. Bd4 Rc1 94. Rb6+ Kf5 95. Rb5+ Ke6 96. Rg5 Ne7 97. Ke4 Rd1 98. Re5+ Kd6 99. Ra5 Nc6 100. Bc5+ Ke6 101. Ra6 Re1+ 102. Kxf4 Kd5 103. Be3 Rb1 104. Ra3 Rb4+ 105. Kg5 Ne5 106. Ra5+ Ke6 107. f4 Nc4 108. f5+ Kd6 109. Ra6+ Kd7 110. Ra7+ Ke8 111. Bc5 Rb5 112. Ra8+ Kf7 113. Ra7+ Ke8 114. Ba3 Ne3 115. Ra8+ Kd7 116. Ra7+ Kd8 0-1


[Site "https://www.chess.com"]

[Event "Titled Tuesday Blitz November 08 Late 2022"]
[White "Do Nascimento,Christian Almeida"]
[Black "Ambartsumova, Karina"]
[WhiteFideId "2143801"]
[BlackFideId "4166299"]
[WhiteElo "2079"]
[BlackElo "2319"]
[Result "1-0"]
[Round "09"]
[TimeControl "180+1"]
[Date "2022.11.09"]
[WhiteClock "0:00:06"]
[BlackClock "0:00:09"]

1. d4 Nf6 2. Bg5 Ne4 3. Bf4 c5 4. f3 Qa5+ 5. c3 Nf6 6. d5 d6 7. e4 g6 8. Na3 Bg7 9. Nc4 Qd8 10. a4 Nbd7 11. Qd2 h5 12. h4 b6 13. Bd3 Rb8 14. Ne2 a6 15. e5 dxe5 16. Nxe5 Nxe5 17. Bxe5 Ra8 18. c4 O-O 19. Nc3 Ne8 20. Bxg7 Nxg7 21. g4 e6 22. O-O-O Bb7 23. Qh6 Qf6 24. Ne4 Qd4 25. gxh5 Nf5 26. Qg5 Qe3+ 27. Kb1 exd5 28. Nf6+ Kg7 29. Bxf5 Qxg5 30. hxg5 gxf5 31. Nxd5 Bxd5 32. Rxd5 Rad8 33. Rhd1 Rxd5 34. Rxd5 Re8 35. Rxf5 Re1+ 36. Ka2 Rc1 37. b3 Rc2+ 38. Ka3 Rh2 39. Rf6 Rxh5 40. f4 Rh4 41. Rxb6 Rxf4 42. Rxa6 Rf5 43. Rb6 Rxg5 44. a5 Rg1 45. Kb2 Rg2+ 46. Kb1 Rh2 47. a6 Rh8 48. Kb2 f6 49. Ka3 Kg6 50. Ka4 Kg5 51. Kb5 f5 52. Kxc5 f4 53. Rb7 Rf8 54. Rg7+ Kh4 55. b4 f3 56. Rg1 f2 57. Rf1 Kg3 58. b5 Rf5+ 59. Kb4 Rf4 60. Rxf2 Kxf2 61. a7 Rf8 62. b6 Ke3 63. b7 Kd4 64. b8=Q Rxb8+ 65. axb8=Q Kd3 66. c5 1-0


[Site "https://www.chess.com"]